 Dungeon Crawl Stone Soup version 0.28.0-43-g3370ac3207 (webtiles) character file.

Game seed: 6741222549550066869

566 pkoi the Ruffian (level 7, 0/67 HPs)
             Began as a Troll Transmuter on Mar 18, 2022.
             Slain by a lemure (3 damage)
             ... led by Pikel
             ... on level 4 of the Dungeon.
             The game lasted 00:03:52 (2898 turns).

pkoi the Ruffian (Troll Transmuter)                 Turns: 2898, Time: 00:03:52

Health: 0/67       AC:  5    Str: 19    XL:     7   Next: 10%
Magic:  8/8        EV:  9    Int: 11    God:
Gold:   121        SH:  0    Dex: 10    Spells: 6/9 levels left

rFire   . . .      SeeInvis .     - Unarmed
rCold   . . .      Faith    .   (no shield)
rNeg    . . .      Spirit   .   a - +0 robe
rPois   .          Reflect  +   (helmet restricted)
rElec   .          Harm     .   i - +0 cloak
rCorr   .          Rampage  .   (gloves unavailable)
Will    .....                   (boots unavailable)
Stlth   +.........              e - amulet of reflection
HPRegen 1.01/turn               (no ring)
MPRegen 0.11/turn               (no ring)

@: confused, mighty
A: large, unfitting armour, claws 3, regeneration 1, shaggy fur 1, tough skin 1,
wild magic 2, MP-powered wands
a: no special abilities


You were on level 4 of the Dungeon.
You visited 1 branch of the dungeon, and saw 4 of its levels.

You collected 121 gold pieces.

Inventory:

Missiles
 c - 2 boomerangs
Armour
 a - a +0 robe (worn)
 i - a +0 cloak (worn)
Jewellery
 e - an amulet of reflection (around neck)
Scrolls
 b - 2 scrolls of identify
 d - a scroll of immolation
 g - a scroll of magic mapping
Potions
 h - 2 potions of cancellation


   Skills:
 - Level 3.0 Fighting
 - Level 1.5 Dodging
 * Level 6.7 Unarmed Combat
 + Level 1.7 Spellcasting
 + Level 2.0 Transmutations


You had 6 spell levels left.
You knew the following spells:

 Your Spells              Type           Power      Damage    Failure   Level
a - Beastly Appendage     Tmut           16%        N/A       26%         1
b - Wereblood             Tmut           8%         N/A       36%         2

Your spell library contained the following spells:

 Spells                   Type           Power      Damage    Failure   Level
 Slow                     Hex            4%         N/A       47%         1
 Spider Form              Tmut/Pois      5%         N/A       69%         3
 Confusing Touch          Hex            1%         N/A       80%         3
 Stone Arrow              Conj/Erth      2%         3d7       80%         3
 Vampiric Draining        Necr           1%         2d6       80%         3
 Ice Form                 Ice/Tmut       5%         N/A       96%         4
 Animate Armour           Summ/Erth      2%         N/A       99%         4
 Lehudib's Crystal Spear  Conj/Erth      0%         10d2      100%        8


Dungeon Overview and Level Annotations

Branches:
Dungeon (4/15)
 Temple: D:4-7

Altars:

Annotations:
D:4 2 transporters, Pikel


Innate Abilities, Weirdness & Mutations

You are too large for most types of armour.
You have claws for hands.
Your natural rate of healing is unusually fast.
You are covered in fur. (AC +1)
You have tough skin. (AC +1)
Your spells are harder to cast, but more powerful.
You expend magic power (3 MP) to strengthen your wands.


Message History

Pikel barely misses you.
You scratch Pikel.
Pikel is heavily wounded.
The lemure hits you.
* * * LOW HITPOINT WARNING * * *
The lemure hits you.
* * * LOW HITPOINT WARNING * * *
The lemure hits you but does no damage.
Pikel zaps a wand.
Your will is overpowered!
You are more confused.
The lemure completely misses you.
You feel much better. The lemure hits you.
* * * LOW HITPOINT WARNING * * *
The lemure hits you.
* * * LOW HITPOINT WARNING * * *
The lemure hits you but does no damage.
Pikel hits you with a +2 whip of flaming!
* * * LOW HITPOINT WARNING * * *
Pikel burns you.
* * * LOW HITPOINT WARNING * * *
The lemure hits you but does no damage.
You feel very mighty all of a sudden. The lemure barely misses you.
The lemure hits you but does no damage. The lemure hits you!
* * * LOW HITPOINT WARNING * * *
Pikel hits you with a +2 whip of flaming.
* * * LOW HITPOINT WARNING * * *
Pikel burns you.
* * * LOW HITPOINT WARNING * * *
The lemure misses you.
Your horns disappear.
Your talons disappear.
Pikel zaps a wand.
Your will is overpowered!
You are more confused.
You miss the lemure. The lemure hits you.
* * * LOW HITPOINT WARNING * * *
The lemure barely misses you. The lemure hits you but does no damage.
The lemure hits you.
* * * LOW HITPOINT WARNING * * *
Unknown command.
The lemure barely misses you. The lemure hits you.
You die...

#..............5........
#.............K..5......
#...........############
#...........#
#......†....#
#...........#
#...........#
#......55K..#
#......@.5..#
*#........5..#
#............##
#...########..###########
*..,* ##.##.........
*.,,* #..#.######## *,,,*
##.#.#8P#≈≈≈≈ *****
#...#..#.... #..©#©?+...⌠


You could see Pikel and 4 lemures.

Vanquished Creatures
  Sigmund (D:3)
  A phantom (D:3)
  A bullfrog (D:3)
  Crazy Yiuf (D:3)
  Jessica (D:3)
  2 orc wizards (D:2)
  9 adders
  3 worms
  3 dart slugs
  3 orcs
  6 ball pythons
  5 bats
  4 endoplasms
  6 giant cockroaches
  5 goblins
  3 hobgoblins
  4 jackals
  2 kobolds (D:2)
  4 quokkas
  2 frilled lizards
  6 rats
72 creatures vanquished.

Notes
Turn   | Place    | Note
-------+----------+-------------------------------------------
     0 | D:1      | pkoi the Troll Transmuter began the quest for the Orb.
     0 | D:1      | Reached XP level 1. HP: 18/18 MP: 1/1
    18 | D:1      | Found a faded altar of an unknown god.
    85 | D:1      | Reached XP level 2. HP: 26/26 MP: 2/2
   125 | D:1      | Reached skill level 1 in Fighting
   467 | D:2      | Reached skill level 4 in Unarmed Combat
   467 | D:2      | Reached XP level 3. HP: 17/33 MP: 3/3
   480 | D:2      | HP: 1/33 [something/magic dart (7)]
   483 | D:2      | Gained mutation: Your spells are a little harder to cast,
                  | but a little more powerful. [potion of mutation]
   483 | D:2      | Gained mutation: Your spells are harder to cast, but more
                  | powerful. [potion of mutation]
   483 | D:2      | Gained mutation: You expend magic power (3 MP) to
                  | strengthen your wands. [potion of mutation]
   486 | D:2      | HP: 1/33 [something (2)]
   923 | D:2      | Reached XP level 4. HP: 38/42 MP: 4/4
  1575 | D:2      | Reached skill level 5 in Unarmed Combat
  1865 | D:3      | Noticed Sigmund
  1875 | D:2      | Reached XP level 5. HP: 49/49 MP: 5/5
  1892 | D:3      | Killed Sigmund
  1893 | D:3      | Reached skill level 6 in Unarmed Combat
  1893 | D:3      | Reached XP level 6. HP: 33/59 MP: 6/6
  2038 | D:3      | Noticed Jessica
  2043 | D:3      | Killed Jessica
  2195 | D:3      | Learned a level 2 spell: Wereblood
  2484 | D:3      | Reached XP level 7. HP: 65/67 MP: 8/8
  2732 | D:3      | Found a runed translucent door.
  2733 | D:3      | Noticed Crazy Yiuf
  2740 | D:3      | Killed Crazy Yiuf
  2786 | D:4      | Found a transporter.
  2806 | D:4      | Found a transporter.
  2865 | D:4      | Noticed Pikel
  2897 | D:4      | HP: 2/67 [lemure[Pikel] (4)]
  2898 | D:4      | Slain by a lemure

Illustrated notes

Levels and vault maps discovered:
D:1:      dpeg_arrival_rooms_b, layout_rooms,
          hellmonk_ecumenical_altar_crossroads
D:2:      layout_basic, kennysheep_generic_room_8
D:3:      kennysheep_big_flooded_room, layout_loops_ring, uniq_sigmund,
          uniq_crazy_yiuf_cottage, uniq_jessica
D:4:      gammafunk_steamed_eel, layout_basic, uniq_pikel

Skill      XL: |  1  2  3  4  5  6  7 |
---------------+----------------------+-----
Fighting       | 1 2 3 |  3.0
Unarmed Combat | 4 5 6 |  6.7
Transmutations | 2 |  2.0
Dodging        | |  1.5
Spellcasting   | |  1.7

Action                   |  1- 3 |  4- 6 |  7- 9 || total
-------------------------+-------+-------+-------++-------
Melee: Unarmed           |    69 |   131 |    31 ||   231
       Punch             |       |     1 |       ||     1
       Kick              |       |       |     2 ||     2
 Cast: Beastly Appendage |       |       |     1 ||     1
  Use: Potion            |     2 |       |     2 ||     4
       Scroll            |       |     1 |     7 ||     8
Armor: Robe              |    47 |    31 |    15 ||    93
Dodge: Dodged            |    43 |    43 |    21 ||   107
Block: Other             |     3 |    28 |    11 ||    42
       Reflection        |       |     1 |     2 ||     3
